 Dungeon Crawl Stone Soup version 0.21.1-1-g345015f (webtiles) character file.

198 unrecovered the Shield-Bearer (level 6, -11/49 HPs)
             Began as a Formicid Fighter on July 2, 2018.
             Was a Follower of Cheibriados.
             Mangled by a two-headed ogre
             ... wielding a +0 giant club
              (17 damage)
             ... on level 3 of the Dungeon.
             The game lasted 00:02:20 (1275 turns).

unrecovered the Shield-Bearer (Formicid Fighter)    Turns: 1275, Time: 00:02:20

Health: -11/49     AC:  7    Str: 30    XL:     6   Next: 5%
Magic:  6/6        EV: 13    Int: 11    God:    Cheibriados [*.....]
Gold:   116        SH: 11    Dex: 18    Spells: 5/5 levels left

rFire    . . .     SeeInvis +   a - +0 flail
rCold    . . .     Gourm    .   c - +0 shield
rNeg     . . .     Faith    .   b - +0 scale mail
rPois    .         Spirit   .   (helmet unavailable)
rElec    .         Reflect  .   (no cloak)
rCorr    .         Harm     .   (no gloves)
MR       .....                  (no boots)
Stlth    +.........             (no amulet)
HPRegen  0.16/turn              (no ring)
MPRegen  0.10/turn              (no ring)

@: mighty, agile, lethally poisoned (-11 -> -13), very slow
A: permanent stasis, dig shafts and tunnels, four strong arms, antennae 3
a: Dig, Shaft Self, Bend Time, Renounce Religion


You were on level 3 of the Dungeon.
You worshipped Cheibriados.
Cheibriados was aware of your devotion.
You were hungry.

You visited 1 branch of the dungeon, and saw 3 of its levels.

You collected 116 gold pieces.

Inventory:

Hand Weapons
 a - a +0 flail (weapon)
Armour
 b - a +0 scale mail (worn)
 c - a +0 shield (worn)
Scrolls
 e - 2 scrolls of remove curse {unknown}
 h - 3 scrolls of identify {unknown}
 j - a scroll of immolation {unknown}
 l - a scroll of blinking {unknown}
 m - 2 scrolls of enchant weapon {unknown}
 n - a scroll of teleportation {unknown}
 o - a scroll of amnesia {unknown}
Potions
 g - a potion of agility
 i - a potion of invisibility {unknown}
 k - a potion of resistance {unknown}
 p - a potion of heal wounds {unknown}
 q - a potion of lignification {unknown}
Comestibles
 f - 5 rations


   Skills:
 + Level 4.4 Fighting
 + Level 3.3 Maces & Flails
 + Level 4.4 Armour
 + Level 4.8 Shields


You had 5 spell levels left.
You didn't know any spells.

Dungeon Overview and Level Annotations

Branches:
Dungeon (3/15)

Altars:
Cheibriados

Annotations:
D:3 Eggbaby's ghost, amateur OpVM


Innate Abilities, Weirdness & Mutations

You cannot be hasted, slowed, berserked, paralysed or teleported.
You can dig through walls and to a lower floor.
Your four strong arms can wield two-handed weapons with a shield.
You have a pair of large antennae on your head. (SInv)


Message History

You retract your mandibles.
You sock the two-headed ogre!
The two-headed ogre is heavily wounded.
You block the two-headed ogre's attack.
The two-headed ogre completely misses you.
You barely miss the two-headed ogre.
The two-headed ogre is heavily wounded.
The two-headed ogre hits you with a giant club!
* * * LOW HITPOINT WARNING * * *
The two-headed ogre barely misses you.
You completely miss the two-headed ogre.
The two-headed ogre is heavily wounded.
You feel sick.
The two-headed ogre hits you with a giant club.
* * * LOW HITPOINT WARNING * * *
You block the two-headed ogre's attack.
You sock the two-headed ogre!
The two-headed ogre is severely wounded.
The two-headed ogre barely misses you.
The two-headed ogre hits you with a giant club!
You die...

##........
.........
.........
.........
#........
#........
###S........
##Oooo.......
#@##o{.......
###.{........
#..........
#.....ยง....
#..........
###........
##........
#.........
##.....####


You could see a two-headed ogre, an adder and 3 orcs.

Vanquished Creatures
  An ice beast (D:2)
  Natasha (D:3)
  Terence (D:2)
  2 adders (D:3)
  An ooze (D:2)
  A giant cockroach (D:1)
  4 goblins
  5 hobgoblins
  2 jackals (D:2)
  4 bats
  2 frilled lizards (D:1)
  5 kobolds
  8 rats
37 creatures vanquished.

Notes
Turn   | Place    | Note
-------+----------+-------------------------------------------
     0 | D:1      | unrecovered the Formicid Fighter began the quest for the Orb.
     0 | D:1      | Reached XP level 1. HP: 18/18 MP: 1/1
   170 | D:1      | Reached XP level 2. HP: 18/24 MP: 2/2
   695 | D:2      | Found a faded altar of an unknown god.
   716 | D:2      | Reached XP level 3. HP: 28/29 MP: 3/3
   717 | D:2      | Became a worshipper of Cheibriados the Contemplative
   717 | D:2      | Reached * piety under Cheibriados
   759 | D:2      | Noticed Terence
   778 | D:2      | Killed Terence
   797 | D:2      | Reached XP level 4. HP: 24/37 MP: 4/4
   941 | D:2      | Noticed an ice beast
   950 | D:2      | Killed an ice beast
   950 | D:2      | Reached XP level 5. HP: 42/42 MP: 5/5
  1165 | D:3      | Noticed Natasha
  1173 | D:3      | Killed Natasha
  1173 | D:3      | Reached XP level 6. HP: 42/49 MP: 6/6
  1259 | D:3      | Noticed Eggbaby's ghost (amateur OpVM)
  1261 | D:3      | Noticed a two-headed ogre
  1275 | D:3      | Mangled by a two-headed ogre

Skill      XL: |  1  2  3  4 |
---------------+-------------+-----
Shields        | 4 |  4.8
Fighting       | 4 |  4.4
Maces & Flails | 3 |  3.3
Armour         | 4 |  4.4

Action                   |  1- 3 |  4- 6 || total
-------------------------+-------+-------++-------
Melee: Flail             |    82 |    57 ||   139
 Abil: Dig               |       |     1 ||     1
  Use: Potion            |       |     2 ||     2
Armor: Scale mail        |    37 |    20 ||    57
Dodge: Dodged            |    26 |    22 ||    48
Block: Shield            |    47 |    44 ||    91
